 Dungeon Crawl Stone Soup version 0.24.0-37-gcf1ca852f1 (webtiles) character file.

Game seed: 4369694139627627189, levelgen mode: deterministic

1726 Exporg the Spear-Bearer (level 9, -5/66 HPs)
             Began as a Merfolk Gladiator on Dec 7, 2019.
             Was a Follower of Nemelex Xobeh.
             Slain by Blork the orc
             ... wielding a +0 war axe
              (7 damage)
             ... on level 6 of the Dungeon.
             The game lasted 00:15:51 (6671 turns).

Exporg the Spear-Bearer (Merfolk Gladiator)         Turns: 6671, Time: 00:15:51

Health: -5/66      AC:  6    Str: 19    XL:     9   Next: 4%
Magic:  15/15      EV: 14    Int:  8    God:    Nemelex Xobeh [*.....]
Gold:   382        SH:  0    Dex: 17    Spells: 13/16 levels left

rFire    . . .     SeeInvis .   u - +11 quarterstaff of Armageddon {chaos, Dex+2}
rCold    . . .     Gourm    +   (shield currently unavailable)
rNeg     . . .     Faith    .   k - +0 ring mail
rPois    .         Spirit   .   c - +0 helmet
rElec    .         Reflect  .   (no cloak)
rCorr    .         Harm     .   (no gloves)
MR       +....                  (no boots)
Stlth    +.........             D - amulet of the gourmand
HPRegen  0.21/turn              n - ring of protection from magic
MPRegen  0.14/turn              q - +2 ring of strength

@: hasted, very quick
A: change form in water, swift swim, stealthy swim
a: Draw Escape, Draw Destruction, Draw Summoning, Renounce Religion


You were on level 6 of the Dungeon.
You worshipped Nemelex Xobeh.
Nemelex Xobeh was aware of your devotion.
You were not hungry.

You visited 2 branches of the dungeon, and saw 7 of its levels.
You also visited: Sewer.

You collected 382 gold pieces.

Inventory:

Hand Weapons
 a - a +0 trident
 u - the +11 quarterstaff of Armageddon (weapon) {chaos, Dex+2}
   (You found it on level 4 of the Dungeon)

   Each time it hits an enemy it has a different, random effect.
   It affects your dexterity (+2).
Missiles
 d - 8 boomerangs (quivered)
Armour
 b - a +0 leather armour
 c - a +0 helmet (worn)
 k - a +0 ring mail (worn)
 C - a +0 chain mail
Magical Staves
 x - an uncursed staff of earth
Jewellery
 n - a ring of protection from magic (left hand)
 q - a +2 ring of strength (right hand)
 D - an amulet of the gourmand (around neck)
Scrolls
 e - 2 scrolls of blinking
 h - 3 scrolls of teleportation {unknown}
 l - a scroll of fear {unknown}
 m - 2 scrolls of identify
 o - 2 scrolls of remove curse
 t - a scroll of fog {unknown}
 v - a scroll of amnesia
 y - 3 scrolls of enchant weapon {unknown}
 A - a scroll of random uselessness {unknown}
Potions
 g - a potion of lignification {unknown}
 i - 2 potions of curing
 j - 3 potions of degeneration
 p - a potion of resistance {unknown}
 r - 3 potions of might
 s - 2 potions of haste
 w - a potion of ambrosia {unknown}
 z - 2 potions of agility {unknown}
 B - a potion of heal wounds {unknown}
Comestibles
 f - 11 rations


   Skills:
 + Level 4.3 Fighting
 - Level 9.0(9.9) Polearms
 + Level 3.8(5.1) Staves
 + Level 2.3 Throwing
 + Level 2.9 Armour
 + Level 5.5 Dodging
 - Level 0.1 Stealth
 * Level 4.4 Spellcasting
 * Level 2.3 Hexes


You had 13 spell levels left.
You knew the following spells:

 Your Spells              Type           Power        Failure   Level  Hunger
a - Confuse               Hex            #.......     47%         3    ###....

Your spell library contained the following spells:

 Spells                   Type           Power        Failure   Level  Hunger
 Confusing Touch          Hex            #.....       19%         1    #......
 Gell's Gravitas          Tloc           #.........   80%         3    ###....
 Petrify                  Tmut/Erth      #.......     99%         4    #####..
 Metabolic Englaciation   Hex/Ice        #.........   100%        5    ######.
 Yara's Violent Unravell  Hex/Tmut       #.........   100%        5    ######.


Dungeon Overview and Level Annotations

Branches:
Dungeon (6/15)             Temple (1/1) D:5           Sewer (visited)

Altars:
Ashenzari
Cheibriados
Dithmenos
Elyvilon
Fedhas
Gozag
Hepliaklqana
Kikubaaqudgha
Makhleb
Nemelex Xobeh
Okawaru
Qazlal
Ru
Sif Muna
Trog
Uskayaw
Vehumet
Wu Jian
Xom
Yredelemnul
The Shining One

Annotations:
D:6 Blork the orc


Message History

Beogh smites you!
* * * LOW HITPOINT WARNING * * *
The sky beast hits you.
* * * LOW HITPOINT WARNING * * *
The sky beast shocks you.
* * * LOW HITPOINT WARNING * * *
Something hits you.
* * * LOW HITPOINT WARNING * * *
Found a ration.
Items here: $ ( ))) [[ ††† You hit the orc priest but do no damage.
The orc priest flickers and vanishes!
Something hits you.
* * * LOW HITPOINT WARNING * * *
You hear something mumble some strange prayers to Beogh against you.
Pain shoots through your body!
* * * LOW HITPOINT WARNING * * *
The sky beast closely misses you.
You feel yourself speed up. Something hits you!
You die...
Your body disappears without a glow.

#. ##.........#... ##
##.## #.........#..# ..#
#...###.........##..
...##...#.......÷.......
........#.##........<...
........#.##............
...................###.#
..(....Y...........# #.#
%......@.........### #.#
....#..{{##.###..# #.#
............# #..## #.#
#.#.......#####.>.####.#
###......###..........
###.................
#.##..##..........
..###..#..........
#.............


You could see a sky beast.

Vanquished Creatures
  2 ogres (D:4)
  3 bullfrogs
  5 scorpions
  3 wights (D:6)
  A crimson imp (D:5)
  A quasit (D:5)
  A centaur zombie (D:5)
  5 hounds
  2 orc priests (D:3)
  An orc wizard (D:6)
  3 bullfrog skeletons
  A gnoll shaman (D:6)
  4 iguanas
  A hound zombie (D:6)
  A hound skeleton (D:5)
  7 gnolls
  11 adders
  3 shadow imps (D:5)
  17 oozes
  An adder zombie (D:5)
  An adder skeleton (D:4)
  4 worms
  A dart slug (D:5)
  10 leopard geckos
  16 orcs
  6 ball pythons
  2 bats
  13 giant cockroaches
  6 hobgoblins
  2 jackals (D:4)
  6 quokkas
  12 frilled lizards
  7 goblins
  A jackal skeleton (D:4)
  9 kobolds
  A leopard gecko skeleton (D:5)
  8 rats
178 creatures vanquished.

Vanquished Creatures (others)
  An octopode (D:1)
  A gargoyle (D:1)
  An elf (D:1)
  A troll (D:1)
  3 vampires (D:1)
  A formicid (D:1)
  2 spriggans (D:1)
  3 ogres (D:1)
  An orc (D:1)
  A kobold (D:1)
  5 tentacles (D:1)
20 creatures vanquished.

Grand Total: 198 creatures vanquished

Notes
Turn   | Place    | Note
-------+----------+-------------------------------------------
     0 | D:1      | Exporg the Merfolk Gladiator began the quest for the Orb.
     0 | D:1      | Reached XP level 1. HP: 16/16 MP: 1/1
     2 | D:1      | Killed an elf
     3 | D:1      | Killed a spriggan
     4 | D:1      | Killed a spriggan
     5 | D:1      | Noticed a vampire
     5 | D:1      | Noticed an ogre
     5 | D:1      | Noticed an octopode
     5 | D:1      | Noticed a kraken
     5 | D:1      | Noticed a vampire
     5 | D:1      | Noticed an ogre
     5 | D:1      | Noticed a gargoyle
     5 | D:1      | Noticed a troll
     5 | D:1      | Noticed a formicid
     5 | D:1      | Noticed an ogre
     5 | D:1      | Noticed a vampire
     5 | D:1      | Killed an octopode
     7 | D:1      | Killed an ogre
    10 | D:1      | Killed a gargoyle
    11 | D:1      | Killed a formicid
    11 | D:1      | Killed an ogre
    12 | D:1      | Killed a troll
    13 | D:1      | Killed an ogre
    14 | D:1      | Killed a vampire
    15 | D:1      | Killed a vampire
    17 | D:1      | Killed a vampire
   367 | D:1      | Reached XP level 2. HP: 22/22 MP: 2/2
   836 | D:2      | Reached XP level 3. HP: 28/28 MP: 3/3
   867 | D:2      | Reached skill level 5 in Polearms
   867 | D:2      | Reached skill level 1 in Spellcasting
  1383 | D:2      | You fall into a shaft and drop 1 floor!
  1386 | D:3      | Found a glowing drain.
  1550 | Sewer    | Entered a sewer
  1567 | Sewer    | Reached XP level 4. HP: 20/34 MP: 5/5
  1834 | Sewer    | Reached skill level 6 in Polearms
  1904 | Sewer    | Reached XP level 5. HP: 29/39 MP: 7/7
  2262 | Sewer    | Reached skill level 1 in Armour
  2438 | Sewer    | Reached XP level 6. HP: 40/47 MP: 9/9
  2460 | Sewer    | Reached skill level 7 in Polearms
  2993 | D:3      | Reached skill level 5 in Dodging
  3946 | D:4      | Reached XP level 7. HP: 50/52 MP: 11/11
  4009 | D:4      | Reached skill level 8 in Polearms
  4522 | D:4      | Reached skill level 9 in Polearms
  4777 | D:4      | Found a sacrificial altar of Ru.
  4817 | D:4      | Got a steaming quarterstaff
  4818 | D:4      | Identified the +11 quarterstaff of Armageddon {chaos,
                  | Dex+2} (You found it on level 4 of the Dungeon)
  4945 | D:5      | Entered Level 5 of the Dungeon
  4958 | D:5      | Learned a level 3 spell: Confuse
  5008 | D:5      | Reached XP level 8. HP: 60/60 MP: 13/13
  5105 | D:5      | Found a staircase to the Ecumenical Temple.
  5115 | Temple   | Entered the Ecumenical Temple
  5255 | Temple   | Became a worshipper of the Shining One
  5308 | D:5      | Fell from the grace of the Shining One
  5367 | Temple   | Became a worshipper of Nemelex Xobeh the Trickster
  5397 | D:5      | Received a gift from Nemelex Xobeh
  5526 | D:5      | Reached skill level 1 in Staves
  5526 | D:5      | Reached skill level 1 in Hexes
  6243 | D:6      | Received a gift from Nemelex Xobeh
  6532 | D:6      | Reached * piety under Nemelex Xobeh
  6567 | D:6      | Reached XP level 9. HP: 51/66 MP: 15/15
  6660 | D:6      | Noticed Blork the orc
  6670 | D:6      | HP: 2/66 [something/nerve-wracking pain (3)]
  6671 | D:6      | Slain by Blork the orc

Levels and vault maps discovered:
D:1:      nicolae_arrival_kraken_aquarium_b, layout_rooms,
          minmay_misc_feat_tower, minmay_pentomino_u2
D:2:      layout_loops_ring, zin_statuary,
          chequers_ecumenical_altar_simple_redux, kennysheep_generic_room_14
D:3:      layout_loops_cross, cheibrodos_sewer_entry_drain
D:4:      layout_loops_ring, kennysheep_mini, minmay_misc_feat_enclosed
D:5:      layout_gridville, minmay_temple_entry_waves, first_ration
D:6:      layout_rooms, uniq_blork_the_orc
Temple:   regret_index_temple_chain_breaker

Skill      XL: |  1  2  3  4  5  6  7  8 |
---------------+-------------------------+-----
Polearms       | 5 6 7 9 |  9.0
Spellcasting   | 1 2 3 4 |  4.4
Armour         | 1 2 |  2.9
Fighting       | 3 4 |  4.3
Dodging        | 5 |  5.5
Staves         | 3 |  3.8
Hexes          | 2 |  2.3
Throwing       | |  2.3
Stealth        | |  0.1

Action                   |  1- 3 |  4- 6 |  7- 9 || total
-------------------------+-------+-------+-------++-------
Melee: Trident           |   125 |   301 |   116 ||   542
       Tailslap          |       |    22 |       ||    22
       Quarterstaff      |       |       |   109 ||   109
Throw: Throwing net      |       |       |     5 ||     5
       Boomerang         |       |       |     2 ||     2
Invok: Renounce Religion |       |       |     1 ||     1
  Use: Scroll            |       |     3 |     4 ||     7
       Potion            |       |     1 |     1 ||     2
 Stab: Held in net/web   |       |       |     1 ||     1
       Sleeping          |       |       |     1 ||     1
  Eat: Chunk             |     1 |     9 |    15 ||    25
       Ration            |       |       |     1 ||     1
Armor: Leather armour    |     2 |       |       ||     2
       Ring mail         |    30 |    53 |    61 ||   144
Dodge: Dodged            |    64 |   187 |   147 ||   398
